 Dungeon Crawl Stone Soup version 0.29-a0-322-g68df515428 (webtiles) character file.

Game seed: 9410385747403239021

47 kae the Firebug (level 3, -4/20 HPs)
             Began as a Tengu Fire Elementalist on Apr 8, 2022.
             Slain by a worm (8 damage)
             ... on level 2 of the Dungeon.
             The game lasted 00:00:52 (1957 turns).

kae the Firebug (Tengu Fire Elementalist)           Turns: 1957, Time: 00:00:53

Health: -4/20      AC:  2    Str:  8    XL:     3   Next: 70%
Magic:  3/7        EV: 12    Int: 17    God:
Gold:   98         SH:  0    Dex: 14    Spells: 0/6 levels left

rFire   . . .      SeeInvis .   (no weapon)
rCold   . . .      Faith    .   (no shield)
rNeg    . . .      Spirit   .   a - +0 robe
rPois   .          Reflect  .   (helmet restricted)
rElec   .          Harm     .   (no cloak)
rCorr   .          Rampage  .   (no gloves)
Will    .....                   (boots unavailable)
Stlth   ++........              (no amulet)
HPRegen 0.06/turn               (no ring)
MPRegen 0.10/turn               (no ring)

@: no status effects
A: beak, talons 3
a: no special abilities


You were on level 2 of the Dungeon.
You visited 1 branch of the dungeon, and saw 2 of its levels.

You collected 98 gold pieces.

Inventory:

Armour
 a - a +0 robe (worn)
Scrolls
 d - 2 scrolls of teleportation
 g - a scroll of summoning {unknown}
Potions
 b - a potion of magic
 c - 2 potions of heal wounds
 e - a potion of might {unknown}
 f - a potion of flight {unknown}


   Skills:
 + Level 1.0 Fighting
 + Level 1.2 Armour
 + Level 2.7 Dodging
 - Level 2.0 Stealth
 + Level 2.3 Spellcasting
 + Level 2.1 Conjurations
 + Level 3.6 Fire Magic


You couldn't memorise any spells.
You knew the following spells:

 Your Spells              Type           Power      Damage    Failure   Level
a - Foxfire               Conj/Fire      44%        2x1d6     6%          1
b - Scorch                Fire           28%        2d6       6%          2
c - Conjure Flame         Conj/Fire      11%        6-21      17%         3

Your spell library contained the following spells:

 Spells                   Type           Power      Damage    Failure   Level
 Animate Skeleton         Necr           2%         N/A       19%         1
 Apportation              Tloc           2%         N/A       19%         1
 Summon Small Mammal      Summ           4%         N/A       19%         1
 Inner Flame              Hex/Fire       8%         N/A       26%         3
 Sublimation of Blood     Necr           1%         N/A       28%         2
 Flame Wave               Conj/Fire      11%        2d5       50%         4
 Petrify                  Tmut/Erth      1%         N/A       88%         4
 Irradiate                Conj/Tmut      2%         3d14      98%         5


Dungeon Overview and Level Annotations

Branches:
Dungeon (2/15)

Altars:
Vehumet


Innate Abilities, Weirdness & Mutations

You have a beak for a mouth.
You have claws for feet.


Message History

You hit the giant cockroach but do no damage.
Your kick misses the giant cockroach.
The giant cockroach is moderately wounded.
The giant cockroach closely misses you.
You hit the giant cockroach.
The giant cockroach is severely wounded.
The giant cockroach closely misses you. x2
You hit the giant cockroach but do no damage.
You peck the giant cockroach.
You kill the giant cockroach!
You closely miss the rat. Your kick misses the rat. The rat closely misses you.
You hit the rat.
You kill the rat!
You miss the frilled lizard.
The frilled lizard bites you but does no damage.
You barely miss the frilled lizard. Your peck misses the frilled lizard.
The frilled lizard closely misses you.
You hit the frilled lizard.
You kill the frilled lizard!
You hit the worm. You claw the worm. Your peck misses the worm.
The worm is heavily wounded.
You hit the worm.
The worm is heavily wounded.
The worm bites you.
You hit the worm but do no damage. You peck the worm, but do no damage.
The worm is heavily wounded.
Casting: Scorch (safe; 6% risk of failure)
Confirm with . or Enter, or press ? or * to list all spells.
Flames lash the worm.
The worm is almost dead.
The worm's fire resistance burns away.
The worm bites you!
* * * LOW HITPOINT WARNING * * *
The worm bites you but does no damage.
Casting: Scorch (safe; 6% risk of failure)
Confirm with . or Enter, or press ? or * to list all spells.
Flames lash the dart slug.
The dart slug is heavily wounded.
The dart slug's fire resistance burns away.
The worm bites you!
You die...

..............#
########.#..###
#.###.####### .
##†#.........
.. ##.#.######
$.. ###.# ....
#.# ..$..
#.######......
#.....@ww.....
##########....
.


You could see a worm (combustible) and a dart slug (combustible).

Vanquished Creatures
  An adder (D:2)
  A worm (D:2)
  A dart slug (D:1)
  An endoplasm (D:1)
  A giant cockroach (D:2)
  3 hobgoblins
  4 jackals (D:2)
  A quokka (D:1)
  A ball python (D:2)
  6 bats
  3 frilled lizards
  3 goblins (D:1)
  3 kobolds
  5 rats
34 creatures vanquished.

Vanquished Creatures (others)
  96 foxfires
96 creatures vanquished.

Grand Total: 130 creatures vanquished

Notes
Turn   | Place    | Note
-------+----------+-------------------------------------------
     0 | D:1      | kae the Tengu Fire Elementalist began the quest for the
                  | Orb.
     0 | D:1      | Reached XP level 1. HP: 10/10 MP: 4/4
   432 | D:1      | Reached XP level 2. HP: 16/16 MP: 1/6
  1049 | D:1      | Found a radiant altar of Vehumet.
  1088 | D:2      | Learned a level 2 spell: Scorch
  1113 | D:2      | Reached skill level 1 in Armour
  1113 | D:2      | Reached XP level 3. HP: 10/20 MP: 0/7
  1117 | D:2      | Reached skill level 1 in Fighting
  1118 | D:2      | HP: 1/20 [poisoned by an adder]
  1519 | D:2      | Learned a level 3 spell: Conjure Flame
  1957 | D:2      | Slain by a worm

Illustrated notes

Levels and vault maps discovered:
D:1:      dpeg_arrival_lava_altar, layout_basic, minmay_tromino_v4_a
D:2:      layout_loops_ring

Skill      XL: |  1  2  3 |
---------------+----------+-----
Armour         | 1 |  1.2
Fighting       | 1 |  1.0
Conjurations   | 2 |  2.1
Dodging        | |  2.7
Stealth        | |  2.0
Spellcasting   | |  2.3
Fire Magic     | |  3.6

Action                   || total
-------------------------++-------
Melee: Unarmed           ||    26
       Kick              ||     3
       Peck              ||     4
 Cast: Foxfire           ||    61
       Scorch            ||     4
  Use: Scroll            ||     2
Armor: Robe              ||     6
Dodge: Dodged            ||    31

Table legend: (Time is in decaauts)
 A = Elapsed time spent in this place.
 B = Non-inter-level travel time spent in this place.
 C = Inter-level travel time spent in this place.
 D = Time resting spent in this place.
 E = Time spent auto-exploring this place.
 F = Levels seen in this place.
 G = Mean time per level.
                   A        B        C        D        E       F      G
               +--------+--------+--------+--------+--------+-----+--------+
         Total |   1957 |   1946 |     11 |    361 |   1328 |   2 |  978.5 |
       Dungeon |   1957 |   1946 |     11 |    361 |   1328 |   2 |  978.5 |
               +--------+--------+--------+--------+--------+-----+--------+

Top non-repeatable levels by time:
     D:1: 1132 daAuts
     D:2: 825 daAuts
